 Dungeon Crawl Stone Soup version 0.29.1-15-g9cfb28693d (webtiles) character file.

Game seed: 1845552524980131307

67 Achh the Trooper (level 4, 0/35 HPs)
             Began as a Human Fighter on Mar 15, 2023.
             Succumbed to their own poison gas
             ... on level 2 of the Dungeon.
             The game lasted 00:03:57 (1016 turns).

Achh the Trooper (Human Fighter)                    Turns: 1016, Time: 00:03:58

Health: 0/35       AC:  8    Str: 19    XL:     4   Next: 40%
Magic:  4/4        EV:  9    Int:  8    God:
Gold:   41         SH:  4    Dex: 12    Spells: 3/3 levels left

rFire   . . .      SeeInvis .   f - +2 hand axe (pain)
rCold   . . .      Faith    .   c - +0 buckler
rNeg    . . .      Spirit   .   b - +0 scale mail
rPois   .          Reflect  .   (no helmet)
rElec   .          Harm     .   (no cloak)
rCorr   .          Rampage  .   g - +0 pair of gloves
Will    .....                   (no boots)
Stlth   ..........              (no amulet)
HPRegen 0.11/turn               (no ring)
MPRegen 0.09/turn               (no ring)

@: lethally poisoned (0 -> -17)
A: no striking features
a: no special abilities


You were on level 2 of the Dungeon.
You visited 1 branch of the dungeon, and saw 2 of its levels.

You collected 41 gold pieces.

Inventory:

Hand Weapons
 a - a +0 war axe
 f - a +2 hand axe of pain (weapon)
Missiles
 e - a throwing net (quivered)
Armour
 b - a +0 scale mail (worn)
 c - a +0 buckler (worn)
 g - a +0 pair of gloves (worn)
Jewellery
 i - a ring of positive energy
Scrolls
 m - a scroll of enchant weapon
 o - a scroll of amnesia
Potions
 d - a potion of might
 k - a potion of curing {unknown}
 l - a potion of ambrosia {unknown}
 n - a potion of mutation {unknown}


   Skills:
 + Level 3.5 Fighting
 + Level 3.2 Axes
 + Level 3.2 Armour
 + Level 3.3 Shields


You had 3 spell levels left.
You didn't know any spells.
Your spell library was empty.

Dungeon Overview and Level Annotations

Branches:
Dungeon (2/15)

Altars:


Message History

A rat comes into view.
A rat is nearby!
Found a stone staircase leading down.
The rat bites you but does no damage.
You hit the rat.
You kill the rat!
A hobgoblin comes into view.
The hobgoblin shouts!
The air fills with toxic fumes!
As you read the scroll labelled XUKETZ INKAM, it crumbles to dust.
It was a scroll of poison.
Unknown command.
A hobgoblin is nearby!
A hobgoblin is nearby!
Really walk into that cloud of poison gas?
Okay, then.
Unknown command.
No reachable target in view!
Unknown command.
Unknown command.
Unknown command.
A hobgoblin is nearby!
Unknown command.
Okay, then.
As you read the scroll labelled QUJITA IDWUM, it crumbles to dust.
It is a scroll of identify.
m - a scroll of enchant weapon
As you read the scroll of identify, it crumbles to dust.
o - a scroll of amnesia Really walk into that cloud of poison gas? [Y]es or [N]o only, please.
Really walk into that cloud of poison gas?
You are engulfed in poison gas.
You are poisoned.
You feel very sick.
You are engulfed in poison gas.
You are lethally poisoned!
* * * LOW HITPOINT WARNING * * *
You feel very sick.
* * * LOW HITPOINT WARNING * * *
You feel very sick.
You die...

####### .....##
###[...# ##.##@#.#
#...'.#.## ##.##§☼§§#
#)#§§☼§§§☼# #.
#.#####☼#☼# #.
+#'...##§.§§ #..
#)....#§§...# #..#
###÷....#g§....
#...####.'÷....#.>§§^.


There were no monsters in sight!

Vanquished Creatures
  2 adders (D:2)
  2 dart slugs (D:1)
  6 ball pythons
  4 endoplasms (D:1)
  5 goblins
  5 hobgoblins
  5 jackals (D:1)
  2 kobolds (D:1)
  2 bats
  3 frilled lizards
  9 rats
45 creatures vanquished.

Notes
Turn   | Place    | Note
-------+----------+-------------------------------------------
     0 | D:1      | Achh the Human Fighter began the quest for the Orb.
     0 | D:1      | Reached XP level 1. HP: 18/18 MP: 1/1
    63 | D:1      | Reached XP level 2. HP: 22/24 MP: 2/2
   160 | D:1      | Reached XP level 3. HP: 26/29 MP: 3/3
   217 | D:1      | Found a faded altar of an unknown god.
   774 | D:2      | Reached XP level 4. HP: 17/35 MP: 4/4
  1016 | D:2      | Succumbed to their own poison gas

Illustrated notes

Levels and vault maps discovered:
D:1:      dpeg_arrival_simpleton_c, layout_rooms, ebering_ecumenical_altar_mist,
          nrook_mini_backslash
D:2:      layout_rooms, kennysheep_small_spiral, roderic_roman_lattice,
          small_statue_intersection, minmay_joined_circles

Skill      XL: |  1  2  3 |
---------------+----------+-----
Axes           | 3 |  3.2
Fighting       | |  3.5
Armour         | |  3.2
Shields        | |  3.3

Action                   |  1- 3 |  4- 6 || total
-------------------------+-------+-------++-------
Melee: Hand axe          |    68 |    16 ||    84
       War axe           |     3 |       ||     3
  Use: Scroll            |       |     3 ||     3
Armor: Scale mail        |    40 |     5 ||    45
Dodge: Dodged            |    55 |     8 ||    63
Block: Buckler           |    33 |     4 ||    37
